 Dungeon Crawl Stone Soup version 0.27-a0-870-gc4bfac4 (webtiles) character file.

Game seed: 15319686887751234397

944 Nithhogg the Destroyer (level 7, 37/37 HPs)
             Began as a Deep Elf Conjurer on Apr 2, 2021.
             Was an Initiate of Vehumet.
             Quit the game in the Ecumenical Temple.
             The game lasted 00:13:24 (5844 turns).

Nithhogg the Destroyer (Deep Elf Conjurer)          Turns: 5844, Time: 00:13:25

Health: 37/37      AC:  3    Str:  4    XL:     7   Next: 88%
Magic:  20/20      EV: 28    Int: 23    God:    Vehumet [......]
Gold:   123        SH:  0    Dex: 15    Spells: 18/21 levels left

rFire    + . .     SeeInvis .   b - +0 club
rCold    . . .     Faith    .   (no shield)
rNeg     . . .     Spirit   .   a - +1 robe
rPois    +         Reflect  .   (no helmet)
rElec    .         Harm     .   (no cloak)
rCorr    .         Rampage  .   (no gloves)
Will     .....                  (no boots)
Stlth    +++.......             r - amulet of the acrobat
HPRegen  0.12/turn              d - ring of poison resistance
MPRegen  0.17/turn              n - ring of protection from fire

@: acrobatic
A: no striking features
a: Renounce Religion


You were in the Ecumenical Temple.
You worshipped Vehumet.
Vehumet was noncommittal.
You visited 2 branches of the dungeon, and saw 6 of its levels.

You collected 208 gold pieces.
You spent 85 gold pieces at shops.

Inventory:

Hand Weapons
 b - a +0 club (weapon)
Missiles
 g - 68 arrows
Armour
 a - a +1 robe (worn)
Jewellery
 d - a ring of poison resistance (left hand)
 m - a ring of positive energy
 n - a ring of protection from fire (right hand)
 r - an amulet of the acrobat (around neck)
Scrolls
 c - 3 scrolls of fear
 e - a scroll of amnesia
 i - a scroll of teleportation
 l - 7 scrolls of identify
 p - a scroll of enchant weapon {unknown}
Potions
 f - 2 potions of lignification
 h - 3 potions of degeneration {unknown}
 j - 3 potions of heal wounds {unknown}
 k - a potion of might {unknown}
 o - a potion of curing {unknown}
 q - a potion of magic {unknown}
 s - a potion of cancellation {unknown}


   Skills:
 - Level 0.7 Fighting
 - Level 0.4 Maces & Flails
 + Level 3.4 Dodging
 + Level 4.0 Stealth
 + Level 7.8 Spellcasting
 + Level 8.0 Conjurations


You had 18 spell levels left.
You knew the following spells:

 Your Spells              Type           Power      Damage    Failure   Level
a - Magic Dart            Conj           100%       1d8       1%          1
b - Searing Ray           Conj           92%        3d6       1%          2

Your spell library contained the following spells:

 Spells                   Type           Power      Damage    Failure   Level
 Conjure Flame            Conj/Fire      27%        6-21      4%          3
 Dazzling Flash           Conj/Hex       54%        N/A       4%          3
 Corona                   Hex            10%        N/A       7%          1
 Mephitic Cloud           Conj/Pois/Air  21%        N/A       7%          3
 Blink                    Tloc           N/A        N/A       11%         2
 Call Imp                 Summ           9%         N/A       11%         2
 Ensorcelled Hibernation  Hex/Ice        18%        N/A       11%         2
 Slow                     Hex            9%         N/A       11%         2
 Fulminant Prism          Conj/Hex       13%        3d9       13%         4
 Iskenderun's Mystic Bla  Conj/Tloc      27%        2d7       13%         4
 Confusing Touch          Hex            9%         N/A       22%         3
 Tukima's Dance           Hex            9%         N/A       22%         3


Dungeon Overview and Level Annotations

Branches:
Dungeon (5/15)             Temple (1/1) D:5

Altars:
Ashenzari
Cheibriados
Gozag
Hepliaklqana
Nemelex Xobeh
Qazlal
Ru
Sif Muna
Trog
Vehumet
Wu Jian
Zin

Shops:
D:2 [[[(*   D:3 !


Message History

You kill the jackal!
Aiming: Searing Ray (safe; 1% risk of failure)
Press: ? - help, Q - select action, (/) - cycle Shift-Dir - straight line, f - quokka
Aim: a quokka (asleep, 0% to evade)
The searing ray hits the quokka!
You kill the quokka! (Press . to maintain the ray.)
Aiming: Searing Ray (safe; 1% risk of failure)
Press: ? - help, Q - select action, (/) - cycle Shift-Dir - straight line, f - jackal
Aim: a jackal (asleep, 0% to evade)
The searing ray hits the jackal!
You kill the jackal! (Press . to maintain the ray.)
Found a staircase to the Ecumenical Temple.
Found a stone staircase leading up.
Found 17 gold pieces.
There is a staircase to the Ecumenical Temple here.
You climb downwards.
Welcome to the Ecumenical Temple!
There is a staircase back to the Dungeon here.
Found a radiant altar of Vehumet and an ornate altar of the Wu Jian Council.
Found a snail-covered altar of Cheibriados.
Key pressed, stopping explore.
Key pressed, stopping explore.
Key pressed, stopping explore.
Found a sparkling altar of Nemelex Xobeh and a stormy altar of Qazlal.
Found a sacrificial altar of Ru.
Key pressed, stopping explore.
Found an opulent altar of Gozag.
Key pressed, stopping explore.
Key pressed, stopping explore.
Key pressed, stopping explore.
Key pressed, stopping explore.
There is an ornate altar of the Wu Jian Council here.
Key pressed, stopping explore.
Why would you want to do that?
There is a radiant altar of Vehumet here.
You kneel at the altar of Vehumet.
Vehumet welcomes you!
Found a hazy altar of Hepliaklqana.
Are you sure you want to abandon this character and quit the game? (Confirm with "yes".)

≈≈≈≈≈≈≈≈≈≈≈≈≈≈≈≈...≈≈≈≈≈≈≈≈
≈≈≈≈≈≈≈≈≈≈≈≈≈≈≈≈≈...≈≈≈≈≈≈≈
≈≈≈≈≈≈≈≈≈≈≈≈≈≈≈≈≈...≈≈≈≈≈≈≈
≈≈≈≈≈≈≈≈≈≈≈≈≈≈≈≈...≈≈≈≈≈≈≈≈
≈≈≈≈≈≈≈≈≈≈≈≈≈≈≈...≈≈≈≈≈≈≈≈≈
≈≈≈≈≈≈...........≈≈≈≈≈≈
≈≈≈≈..8...<...8..≈≈≈≈
≈≈≈≈≈...........≈≈≈≈≈
≈≈≈≈≈≈≈@..≈≈≈≈≈≈≈≈≈≈≈
≈≈≈≈≈≈...≈≈≈≈≈≈≈≈≈≈≈≈
≈≈≈≈≈...≈≈≈≈≈≈≈≈≈≈≈≈≈
≈≈≈≈≈...≈≈≈≈≈≈≈≈≈≈≈≈
≈≈≈≈≈≈...≈≈≈≈≈≈≈≈≈≈
≈≈≈≈≈≈≈...≈≈≈≈≈≈≈≈
≈≈≈≈.......≈≈≈..
≈≈≈.._.........


There were no monsters in sight!

Vanquished Creatures
  A sky beast (D:3)
  2 ogres
  2 phantoms
  Blork the orc (D:5)
  2 scorpions
  2 hounds (D:5)
  A jelly (D:5)
  An orc priest (D:4)
  2 iguanas (D:4)
  3 gnolls (D:3)
  5 adders
  An adder skeleton (D:5)
  4 worms
  2 dart slugs
  7 orcs (D:4)
  6 endoplasms
  3 giant cockroaches
  10 goblins
  6 hobgoblins
  5 jackals
  10 kobolds
  4 quokkas
  10 ball pythons
  5 bats
  6 frilled lizards
  9 rats
110 creatures vanquished.

Vanquished Creatures (others)
  25 plants (D:3)
25 creatures vanquished.

Grand Total: 135 creatures vanquished

Notes
Turn   | Place    | Note
-------+----------+-------------------------------------------
     0 | D:1      | Nithhogg the Deep Elf Conjurer began the quest for the Orb.
     0 | D:1      | Reached XP level 1. HP: 10/10 MP: 6/6
   330 | D:1      | Reached XP level 2. HP: 15/15 MP: 5/8
   566 | D:1      | Reached skill level 5 in Conjurations
   629 | D:1      | Learned a level 2 spell: Searing Ray
  1124 | D:2      | Found Hahug's Armour Emporium.
  1173 | D:2      | Reached XP level 3. HP: 19/19 MP: 7/9
  1190 | D:2      | Found Gogoq's Antique Armour Emporium.
  1193 | D:2      | Found Qoytenunka's Antique Armour Shoppe.
  1768 | D:2      | Found Maqecux's General Store.
  1793 | D:2      | Found a faded altar of an unknown god.
  1888 | D:2      | Found Xeepyx's Weapon Boutique.
  1896 | D:2      | Bought 17 arrows for 37 gold pieces
  1896 | D:2      | Bought 22 arrows for 48 gold pieces
  2150 | D:2      | Reached XP level 4. HP: 24/24 MP: 8/11
  2290 | D:2      | Noticed a scorpion
  2299 | D:2      | Killed a scorpion
  2300 | D:2      | Reached skill level 6 in Conjurations
  2571 | D:2      | Reached XP level 5. HP: 28/28 MP: 5/13
  2891 | D:3      | Found Jetiuppa's Distillery.
  2991 | D:3      | Noticed a sky beast
  3008 | D:3      | Killed a sky beast
  3009 | D:3      | Reached skill level 5 in Spellcasting
  3283 | D:3      | Reached XP level 6. HP: 33/33 MP: 12/16
  4210 | D:3      | Found a shimmering blue altar of Sif Muna.
  4468 | D:4      | Reached skill level 7 in Conjurations
  4473 | D:4      | Reached XP level 7. HP: 37/37 MP: 8/18
  5176 | D:4      | Found a broken altar of Ashenzari.
  5176 | D:4      | Found a glowing silver altar of Zin.
  5182 | D:4      | Found a bloodstained altar of Trog.
  5187 | D:4      | Found a faded altar of an unknown god.
  5189 | D:4      | Found a faded altar of an unknown god.
  5242 | D:5      | Entered Level 5 of the Dungeon
  5536 | D:5      | Noticed Blork the orc
  5546 | D:5      | Killed Blork the orc
  5547 | D:5      | Reached skill level 8 in Conjurations
  5778 | D:5      | Found a staircase to the Ecumenical Temple.
  5796 | Temple   | Entered the Ecumenical Temple
  5831 | Temple   | Became a worshipper of Vehumet
  5844 | Temple   | Quit the game

Illustrated notes

Levels and vault maps discovered:
D:1:      dpeg_arrival_arbitrary_c, layout_loops_cross
D:2:      minmay_recursive_quarters, layout_loops_ring, serial_shops, shop,
          shop, nicolae_shop_waterfront, nicolae_shop_statue_plus,
          nicolae_shop_behind_doors, basic_ecumenical_altar, minmay_tromino_mix6
D:3:      layout_loops_corners, lemuel_blue_sif_altar, serial_shops, shop,
          serial_bayou, serial_bayou_pond_d, serial_bayou_lake_a,
          serial_bayou_crossing, serial_bayou_lagoon_a
D:4:      layout_cave_pools, chequers_temple_overflow_minitemple
D:5:      layout_cave_pods, minmay_temple_entry_large_hall, uniq_blork_the_orc,
          uniq_menkaure
Temple:   eino_temple_water

Skill      XL: |  1  2  3  4  5  6  7 |
---------------+----------------------+-----
Conjurations   | 5 6 7 8 |  8.0
Spellcasting   | 4 5 6 7 |  7.8
Stealth        | 3 4 |  4.0
Dodging        | 3 |  3.4
Fighting       | |  0.7
Maces & Flails | |  0.4

Action                   |  1- 3 |  4- 6 |  7- 9 || total
-------------------------+-------+-------+-------++-------
Melee: Club              |    20 |     6 |     2 ||    28
 Cast: Magic Dart        |    92 |    26 |       ||   118
       Searing Ray       |     1 |    34 |    27 ||    62
  Use: Scroll            |     4 |       |     4 ||     8
Armor: Robe              |     3 |     1 |     1 ||     5
Dodge: Dodged            |    24 |    11 |    27 ||    62

Table legend: (Time is in decaauts)
 A = Elapsed time spent in this place.
 B = Non-inter-level travel time spent in this place.
 C = Inter-level travel time spent in this place.
 D = Time resting spent in this place.
 E = Time spent auto-exploring this place.
 F = Levels seen in this place.
 G = Mean time per level.
                   A        B        C        D        E       F      G
               +--------+--------+--------+--------+--------+-----+--------+
         Total |   5913 |   5811 |    102 |    287 |   4886 |   6 |  985.5 |
       Dungeon |   5865 |   5763 |    102 |    287 |   4854 |   5 | 1173.0 |
        Temple |     47 |     47 |      0 |      0 |     32 |   1 |   47.0 |
               +--------+--------+--------+--------+--------+-----+--------+

Top non-repeatable levels by time:
     D:2: 1522 daAuts
     D:3: 1484 daAuts
     D:1: 1309 daAuts
     D:4: 995 daAuts
     D:5: 554 daAuts
  Temple: 47 daAuts
